 Dungeon Crawl Stone Soup version 0.29.1-2-gbd0b4ee654 (webtiles) character file.

Game seed: 14340417952929866796

71605 xian the Corrupter of Planes (level 14, 0/111 HPs)
             Began as a Demonspawn Abyssal Knight on Nov 19, 2022.
             Was the Champion of Lugonu.
             Slain by a sun demon (17 damage)
             ... summoned by an orc high priest
             ... on level 2 of the Orcish Mines.
             The game lasted 01:22:04 (26829 turns).

xian the Corrupter of Planes (DsAK)                Turns: 26829, Time: 01:22:05

Health: 0/111      AC: 33    Str: 24    XL:     14   Next: 98%
Magic:  25/26      EV: 10    Int: 14    God:    Lugonu [******]
Gold:   2440       SH:  0    Dex: 19    Spells: 13/13 levels left

rFire   . . .      SeeInvis .   N - +4 great sword of Foul Odours {drain, rPois Will+ Dex+4}
rCold   . . .      Faith    .   (shield currently unavailable)
rNeg    + + .      Spirit   .   X - +0 plate armour "Bitry" {Contam rElec rN++ Int+3}
rPois   +          Reflect  .   (helmet unavailable)
rElec   +          Harm     .   (no cloak)
rCorr   .          Rampage  .   t - +2 pair of gloves
Will    ++...                   Q - +2 pair of boots
Stlth   ..........              R - amulet of regeneration
HPRegen 1.08/turn               S - +4 ring of slaying
MPRegen 0.20/turn               W - +6 ring of strength

@: sanguine armoured
A: horns 3, foul stench 2, spiny 1, sanguine armour 3
a: Renounce Religion, Depart the Abyss, Bend Space, Banish, Corrupt, Enter the
Abyss, Brand Weapon With Distortion


You were on level 2 of the Orcish Mines.
You worshipped Lugonu.
Lugonu was exalted by your worship.
You visited 3 branches of the dungeon, and saw 18 of its levels.
You visited the Abyss 1 time.
You also visited: Sewer and Bailey.

You collected 2440 gold pieces.

Inventory:

Hand Weapons
 v - the +8 mithril axe "Arga" {speed, Will+}
   (You found it on level 5 of the Lair of Beasts)

   Attacks with this weapon are significantly faster.
   Will:      It increases your willpower.
 D - the +5 scimitar of Capital Punishment {pain, rCorr Dex+4}
   (You found it on level 10 of the Dungeon)

   In the hands of one skilled in necromantic magic, it inflicts extra damage on
   living creatures.
   Dex:       It affects your dexterity (+4).
   rCorr:     It protects you from acid and corrosion.
 G - the +3 arbalest "Useekait" {elec, rElec rF+}
   (You took it off an orc warrior in a bailey)

   Any ammunition fired from it occasionally discharges a powerful burst of
   electricity upon striking a foe.
   rF:        It protects you from fire.
   rElec:     It insulates you from electricity.
 N - the +4 great sword of Foul Odours (weapon) {drain, rPois Will+ Dex+4}
   (You found it on level 9 of the Dungeon)

   A truly terrible weapon, it drains the life of any living foe it strikes.
   Dex:       It affects your dexterity (+4).
   rPois:     It protects you from poison.
   Will:      It increases your willpower.
Missiles
 p - 2 boomerangs (quivered)
 u - 3 silver boomerangs
 w - 5 datura-tipped darts
 y - 31 javelins
 B - 38 poisoned darts
Armour
 f - the +4 tower shield "Muyriga" {Dex+8}
   (You took it off an orc in a bailey)

   Dex:       It affects your dexterity (+8).
 t - a +2 pair of gloves (worn)
 J - a +4 scale mail
 Q - a +2 pair of boots (worn)
 X - the +0 plate armour "Bitry" (worn) {Contam rElec rN++ Int+3}
   (You found it on level 5 of the Lair of Beasts)

   Int:       It affects your intelligence (+3).
   rElec:     It insulates you from electricity.
   rN:        It greatly protects you from negative energy.
   Contam:    It causes magical contamination when unequipped.
Jewellery
 x - a ring of fire
 F - the ring of Lady Luck {MP+9 Dex+6}
   (You found it on level 11 of the Dungeon)

   [ring of dexterity]

   Dex:       It affects your dexterity (+6).
   MP:        It affects your magic capacity (+9).
 R - an amulet of regeneration (around neck)
 S - a +4 ring of slaying (left hand)
 W - a +6 ring of strength (right hand)
Wands
 s - a wand of digging (11)
 E - a wand of charming (11)
 K - a wand of flame (17)
 M - a wand of roots (15)
 P - a wand of polymorph (8)
 V - a wand of mindburst (4)
Scrolls
 a - a scroll of blinking
 b - a scroll of summoning
 d - 5 scrolls of enchant weapon
 j - 3 scrolls of butterflies
 k - 4 scrolls of teleportation
 m - 8 scrolls of fear
 n - 4 scrolls of enchant armour
 o - 4 scrolls of poison
 H - 7 scrolls of identify
 L - a scroll of magic mapping
 U - a scroll of brand weapon
Potions
 c - 3 potions of flight
 g - 3 potions of might
 h - 2 potions of haste
 i - 5 potions of curing
 l - 3 potions of invisibility
 q - 3 potions of lignification
 r - a potion of cancellation
 z - a potion of magic
 A - 2 potions of ambrosia
 C - a potion of berserk rage
 I - 2 potions of mutation
 T - 3 potions of heal wounds
Miscellaneous
 O - a condenser vane


   Skills:
 + Level 10.4 Fighting
 + Level 5.5(9.1) Short Blades
 + Level 11.3(11.8) Long Blades
 + Level 7.1 Ranged Weapons
 + Level 8.0 Throwing
 + Level 10.4 Armour
 + Level 5.3 Dodging
 + Level 1.6 Stealth
 + Level 3.6 Shields
 * Level 16.0 Invocations


You had 13 spell levels left.
You didn't know any spells.
Your spell library contained the following spells:

 Spells                   Type           Power      Damage    Failure   Level
 Apportation              Tloc           0%         N/A       97%         1
 Necrotise                Necr           0%         1d4       97%         1
 Sandblast                Erth           0%         2d4       97%         1
 Summon Small Mammal      Summ           0%         N/A       97%         1
 Call Canine Familiar     Summ           0%         N/A       100%        3
 Dazzling Flash           Conj/Hex       0%         N/A       100%        3
 Portal Projectile        Hex/Tloc       0%         N/A       100%        3
 Summon Guardian Golem    Hex/Summ       0%         N/A       100%        3
 Vampiric Draining        Necr           0%         2d6       100%        3
 Cause Fear               Hex            0%         N/A       100%        4
 Leda's Liquefaction      Hex/Erth       0%         N/A       100%        4
 Sticky Flame             Conj/Fire      0%         2d3       100%        4
 Summon Lightning Spire   Summ/Air       0%         N/A       100%        4
 Agony                    Necr           0%         N/A       100%        5
 Alistair's Intoxication  Tmut/Pois      0%         N/A       100%        5
 Borgnjor's Vile Clutch   Necr/Erth      0%         N/A       100%        5
 Freezing Cloud           Conj/Ice/Air   0%         6-21      100%        5
 Lee's Rapid Deconstruct  Erth           0%         3d5*      100%        5
 Simulacrum               Ice/Necr       0%         N/A       100%        6
 Statue Form              Tmut/Erth      0%         N/A       100%        6
 Storm Form               Tmut/Air       0%         N/A       100%        7
 Lehudib's Crystal Spear  Conj/Erth      0%         10d2      100%        8
 Maxwell's Capacitive Co  Air            0%         ∞         100%        8
 Polar Vortex             Ice            0%         N/A       100%        9


Dungeon Overview and Level Annotations

Branches:
Dungeon (11/15)            Temple (0/1) D:7            Lair (5/5) D:11
  Swamp (0/4) Lair:2        Snake (0/4) Lair:3        Slime (0/5) Lair:5
    Orc (2/2) D:9             Elf (0/3) Orc:2         Sewer (visited)
 Bailey (visited)

Altars:
Dithmenos
Nemelex Xobeh
Ru
Trog
Uskayaw
Vehumet
Wu Jian
Yredelemnul
Jiyva
Lugonu

Shops:
Orc:2 *

Portals:
Abyss: Lair:5

Annotations:
Abyss:1 Joseph; funnyparkerb's ghost, journeyman TrFi


Innate Abilities, Weirdness & Mutations

You have a pair of large horns on your head.
You sometimes emit foul miasma when damaged in melee.
You are partially covered in sharp spines.
When seriously injured, your blood forms very thick armour. (AC +12)


Message History

The orc sorcerer is heavily wounded.
The orc sorcerer hits you but does no damage.
The orc warrior is engulfed in dark miasma.
The orc warrior looks as sick as possible!
The orc warrior seems to slow down.
The orc warrior hits you with a +0 mace!
You slash the orc sorcerer! You drain the orc sorcerer.
You kill the orc sorcerer!
Lugonu accepts your kill.
Your Invocations skill increases to level 16!
You slice the sun demon!!
The sun demon is moderately wounded.
The sun demon hits you but does no damage.
The orc warrior is engulfed in dark miasma.
The orc warrior looks as sick as possible!
The orc warrior seems to slow down.
You kill the orc warrior!
Lugonu accepts your kill. The sun demon attacks as you move away!
The sun demon is struck by your spines. The sun demon hits you.
You are engulfed in flames!!
You emit a cloud of foul miasma!
The orc priest calls down the wrath of Beogh upon you.
Beogh smites you!
Your blood congeals into armour.
The sun demon hits you but does no damage.
Things that are here:
a +0 mace; a +0 plate armour; an orc corpse You barely miss the sun demon.
The sun demon is heavily wounded.
The sun demon hits you.
You are engulfed in flames!!
You slash the sun demon!
The sun demon is heavily wounded.
The sun demon hits you!
* * * LOW HITPOINT WARNING * * *
You are engulfed in flames!
* * * LOW HITPOINT WARNING * * *
You emit a cloud of foul miasma!
The sun demon attacks as you move away! The sun demon hits you.
* * * LOW HITPOINT WARNING * * *
You are engulfed in flames!
You die...

............5 #.....
....... #.5 #.....
..... ##o4####.... 3o.
#..)o# ##...
#{#....o.#)###....
#o#.....##.##..<.#
#○#...###..##.....
#3######..###.<...
...####@####..)##
#..... #...........###
#^.... ######.######
#.....
##.###########.....
####......#....#.#....
##.#.....).).....#.....
#..........#.#...##.#..
##............#.#.##...
#.......#...##........


You could see an orc high priest, a sun demon (summoned), a smoke demon
(summoned) and an orc priest.

Vanquished Creatures
  Gastronok (D:10)
  An orc warlord (Orc:1)
  2 boulder beetles
  7 hydras
  3 catoblepae
  2 two-headed ogres
  Urug (Lair:2)
  3 orc high priests
  3 thrashing horrors (Lair:5)
  A fire crab (Lair:5)
  A sea snake (shapeshifter) (Lair:5)
  4 lindwurms (D:9)
  5 orc knights (Orc:2)
  4 ugly things
  5 orc sorcerers (Orc:2)
  An oklob plant (Lair:4)
  A cyclops (D:11)
  A cyclops (shapeshifter) (Lair:5)
  7 black mambas
  8 elephants (Lair:5)
  A torpor snail (Lair:5)
  2 smoke demons (Lair:5)
  3 kobold demonologists
  13 komodo dragons
  3 cane toads
  4 rime drakes
  An ancient zyme (Lair:5)
  2 polar bears
  A hornet (D:11)
  3 trolls
  A large abomination (Lair:5)
  A tyrant leech (Lair:2)
  6 slime creatures (D:11)
  16 blink frogs
  7 dream sheep (Lair:5)
  2 shadows
  A spriggan (Lair:5)
  A wyvern (D:11)
  2 ynoxinuls (Lair:5)
  A chaos spawn (Lair:5)
  A wraith (D:9)
  58 yaks
  5 basilisks
  3 vampire mosquitoes (D:11)
  3 nagas (Lair:3)
  5 swamp worms (Lair:2)
  8 wargs
  An acid dragon (D:8)
  9 water moccasins
  2 ice beasts
  3 black bears
  4 sky beasts
  43 orc warriors
  A black bear (shapeshifter) (Lair:5)
  7 ogres
  28 wolves
  14 centaurs
  2 phantoms (D:5)
  Blork the orc (D:3)
  4 kobold brigands
  A necrophage (D:4)
  7 bullfrogs
  3 gnoll sergeants
  4 scorpions
  9 small abominations (Lair:5)
  5 wights
  14 killer bees
  An electric eel (Lair:5)
  5 howler monkeys
  A jelly (D:5)
  5 hounds
  11 orc priests
  An iguana (D:5)
  25 orc wizards
  7 hell rats
  12 gnolls
  4 river rats (Sewer)
  10 adders
  3 ufetubi
  2 worms
  A dart slug (D:4)
  106 orcs
  19 ball pythons
  7 endoplasms
  5 giant cockroaches
  4 hobgoblins
  12 jackals
  17 kobolds
  9 quokkas
  17 bats
  6 frilled lizards
  5 goblins
  2 rats (D:3)
674 creatures vanquished.

Vanquished Creatures (others)
  A bush (Lair:5)
  33 fungi
  36 plants
70 creatures vanquished.

Grand Total: 744 creatures vanquished

Notes
Turn   | Place    | Note
-------+----------+-------------------------------------------
     0 | Abyss:1  | xian the Demonspawn Abyssal Knight began the quest for the
                  | Orb.
     0 | Abyss:1  | Reached XP level 1. HP: 18/18 MP: 2/2
    67 | Abyss:2  | Noticed a neqoxec
    67 | Abyss:2  | Noticed a small abomination
    67 | Abyss:2  | Noticed a starcursed mass
    68 | D:1      | Escaped the Abyss
   349 | D:1      | Gained mutation: When seriously injured, your blood forms
                  | armour. (AC +12) [demonic ancestry]
   349 | D:1      | Reached XP level 2. HP: 24/24 MP: 3/3
   386 | D:1      | Reached ** piety under Lugonu
   465 | D:1      | Reached skill level 1 in Dodging
   496 | D:1      | Found a faded altar of an unknown god.
   765 | D:1      | Gained mutation: When seriously injured, your blood forms
                  | thick armour. (AC +12) [demonic ancestry]
   765 | D:1      | Reached XP level 3. HP: 29/29 MP: 4/4
  2204 | D:3      | Reached *** piety under Lugonu
  2247 | D:3      | Gained mutation: You may rarely emit foul miasma when
                  | damaged in melee. [demonic ancestry]
  2247 | D:3      | Reached XP level 4. HP: 24/36 MP: 6/6
  2247 | D:3      | Found a glowing drain.
  2258 | Sewer    | Entered a sewer
  2284 | Sewer    | Reached skill level 3 in Invocations
  2965 | Sewer    | Gained mutation: You have a pair of small horns on your
                  | head. [demonic ancestry]
  2965 | Sewer    | Reached XP level 5. HP: 16/42 MP: 7/7
  4206 | D:3      | Reached **** piety under Lugonu
  4551 | D:4      | Noticed Blork the orc
  4569 | D:3      | Killed Blork the orc
  4570 | D:3      | Gained mutation: You have a pair of horns on your head.
                  | [demonic ancestry]
  4570 | D:3      | Reached XP level 6. HP: 40/48 MP: 8/8
  4715 | D:4      | Reached skill level 4 in Invocations
  5371 | D:4      | Reached skill level 5 in Invocations
  5528 | D:5      | Entered Level 5 of the Dungeon
  5543 | D:5      | Gained mutation: When seriously injured, your blood forms
                  | very thick armour. (AC +12) [demonic ancestry]
  5543 | D:5      | Reached XP level 7. HP: 46/55 MP: 9/11
  6228 | D:5      | Reached skill level 1 in Throwing
  6326 | D:5      | Reached skill level 6 in Invocations
  6554 | D:5      | Reached XP level 8. HP: 10/61 MP: 12/12
  6862 | D:5      | Found a sacrificial altar of Ru.
  6939 | D:5      | Reached skill level 5 in Armour
  7015 | D:5      | Reached skill level 5 in Fighting
  7297 | D:5      | Found a sparkling altar of Nemelex Xobeh.
  7297 | D:5      | Found an ornate altar of the Wu Jian Council.
  7331 | D:5      | Found a basalt altar of Yredelemnul.
  7899 | D:6      | Reached skill level 7 in Invocations
  8527 | D:7      | Found a shadowy altar of Dithmenos.
  8532 | D:7      | Found a staircase to the Ecumenical Temple.
  8977 | D:7      | Gained mutation: You are partially covered in sharp spines.
                  | [demonic ancestry]
  8977 | D:7      | Reached XP level 9. HP: 43/69 MP: 14/14
  9480 | D:8      | Found a flagged portal.
  9483 | D:8      | Noticed Joseph
  9491 | D:8      | Banished Joseph
  9492 | D:8      | Reached skill level 8 in Invocations
  9546 | Bailey   | Entered a bailey
 10484 | Bailey   | Reached skill level 5 in Short Blades
 10715 | Bailey   | Identified the +3 arbalest "Useekait" {elec, rElec rF+}
 10744 | Bailey   | Identified the +4 tower shield "Muyriga" {Dex+8}
 11178 | Bailey   | Reached skill level 1 in Shields
 11192 | Bailey   | Reached skill level 9 in Invocations
 11192 | Bailey   | Reached XP level 10. HP: 44/76 MP: 16/16
 11389 | Bailey   | Reached skill level 1 in Ranged Weapons
 12229 | D:8      | Found a radiant altar of Vehumet.
 12885 | D:9      | Noticed a two-headed ogre
 12902 | D:9      | Killed a two-headed ogre
 13244 | D:9      | Reached skill level 10 in Invocations
 13560 | D:9      | Noticed a lindwurm
 13560 | D:9      | Noticed a lindwurm
 13604 | D:9      | Killed a lindwurm
 13605 | D:9      | Reached skill level 5 in Throwing
 13605 | D:9      | Noticed a lindwurm
 13609 | D:9      | Noticed a lindwurm
 13651 | D:9      | Killed a lindwurm
 13663 | D:9      | Killed a lindwurm
 13668 | D:9      | Killed a lindwurm
 13669 | D:9      | Reached XP level 11. HP: 50/83 MP: 18/18
 13897 | D:9      | Reached ***** piety under Lugonu
 13918 | D:9      | Found a staircase to the Orcish Mines.
 14236 | D:9      | Identified the +4 great sword of Foul Odours {drain, rPois
                  | Will+ Dex+4}
 14678 | D:8      | Found a bloodstained altar of Trog.
 15469 | D:10     | Entered Level 10 of the Dungeon
 15635 | D:10     | Noticed Gastronok
 15647 | D:10     | Killed Gastronok
 15648 | D:10     | Reached skill level 1 in Stealth
 15648 | D:10     | Reached skill level 11 in Invocations
 15794 | D:10     | Reached skill level 5 in Ranged Weapons
 16089 | D:10     | Reached skill level 1 in Long Blades
 16097 | D:10     | Reached skill level 12 in Invocations
 16412 | D:10     | Found a runed translucent gate.
 16412 | D:10     | Found a runed translucent gate.
 16413 | D:10     | Found a runed translucent gate.
 16414 | D:10     | Noticed a nine-headed hydra
 16414 | D:10     | Noticed funnyparkerb's ghost (journeyman TrFi)
 16421 | D:10     | Banished funnyparkerb's ghost
 16422 | D:10     | Banished a nine-headed hydra
 16428 | D:10     | Identified the +5 scimitar of Capital Punishment {pain,
                  | rCorr Dex+4}
 16678 | D:10     | Got the Volume of Interference
 16773 | D:10     | Reached XP level 12. HP: 91/91 MP: 21/21
 17385 | D:11     | Identified the ring of Lady Luck {MP+9 Dex+6}
 17462 | D:11     | Noticed a two-headed ogre
 17478 | D:11     | Killed a two-headed ogre
 18277 | D:11     | Found a staircase to the Lair.
 18285 | D:11     | Reached skill level 5 in Long Blades
 18724 | Lair:1   | Entered Level 1 of the Lair of Beasts
 18989 | Lair:1   | Noticed an eight-headed hydra
 18997 | Lair:1   | Killed a ten-headed hydra
 19304 | Lair:1   | Reached skill level 13 in Invocations
 20976 | Lair:2   | Noticed a five-headed hydra
 20987 | Lair:2   | Killed a five-headed hydra
 20988 | Lair:2   | Gained mutation: You sometimes emit foul miasma when
                  | damaged in melee. [demonic ancestry]
 20988 | Lair:2   | Reached XP level 13. HP: 24/99 MP: 23/23
 21129 | Lair:2   | Found a staircase to the Swamp.
 21536 | Lair:2   | Noticed Urug
 21543 | Lair:2   | Killed Urug
 21846 | Lair:3   | Reached ****** piety under Lugonu
 21884 | Lair:3   | Found a staircase to the Snake Pit.
 21892 | Lair:3   | Reached skill level 14 in Invocations
 21961 | Lair:3   | Found a hide-covered altar of Uskayaw.
 21979 | Lair:3   | Found an ornate altar of the Wu Jian Council.
 23391 | Lair:5   | Entered Level 5 of the Lair of Beasts
 23424 | Lair:5   | Found a viscous altar of Jiyva.
 23426 | Lair:5   | Found a staircase to the Slime Pits.
 23612 | Lair:5   | Found the +8 mithril axe "Arga" {speed, Will+}
 23648 | Lair:5   | Gained mutation: You have a pair of large horns on your
                  | head. [demonic ancestry]
 23648 | Lair:5   | Reached XP level 14. HP: 82/108 MP: 25/25
 23835 | Lair:5   | Reached skill level 10 in Armour
 24006 | Lair:5   | Reached skill level 15 in Invocations
 24182 | Lair:5   | Reached skill level 5 in Dodging
 24221 | Lair:5   | Reached skill level 10 in Long Blades
 24500 | Lair:5   | Found a corrupted altar of Lugonu.
 24500 | Lair:5   | Found a one-way gate to the infinite horrors of the Abyss.
 24511 | Lair:5   | Identified the +0 plate armour "Bitry" {Contam rElec rN++
                  | Int+3}
 24529 | Lair:5   | Got the Quarto of the Geologist and the Coals
 24709 | Lair:5   | Reached skill level 10 in Fighting
 25076 | Orc:1    | Entered Level 1 of the Orcish Mines
 25350 | Orc:2    | Entered Level 2 of the Orcish Mines
 25350 | Orc:2    | Noticed an orc warlord
 25421 | Orc:1    | Killed an orc warlord
 25657 | Orc:2    | Noticed an orc warlord
 26082 | Orc:2    | Found a staircase to the Elven Halls.
 26346 | Orc:2    | Found Duanou Pank's Assorted Antiques.
 26371 | Orc:2    | Paralysed by an orc sorcerer for 4 turns
 26430 | Orc:2    | Paralysed by an orc sorcerer for 2 turns
 26616 | Orc:2    | HP: 3/111 [orc sorcerer/bolt of fire (20)]
 26825 | Orc:2    | Reached skill level 16 in Invocations
 26829 | Orc:2    | Slain by a sun demon

Illustrated notes

Levels and vault maps discovered:
D:1:      minmay_arrival_solitary_statue, layout_loops_ring,
          hellmonk_ecumenical_altar_lost_god
D:2:      layout_basic
D:3:      layout_basic, lemuel_tele_altar, portal_sewer_entry_d, serial_glass,
          glass_columns_a, glass_columns_c, glass_columns_c, glass_columns_c,
          glass_columns_b, glass_columns_a, glass_columns_b, glass_columns_a,
          glass_columns_c, glass_columns_a, glass_columns_a, glass_columns_c,
          glass_columns_c, glass_columns_a, st_stairs_13
D:4:      layout_basic, uniq_blork_the_orc
D:5:      layout_gridville, mainiacjoe_overflow_catwalk,
          minmay_overflow_temple_star_quad
D:6:      layout_loops_ring
D:7:      layout_basic, grunt_dithmenos_smoke_and_mirrors,
          minmay_temple_entry_mist
D:8:      layout_cave_pods, mainiacjoe_overflow_boulevard, vehumet_crystals,
          enter_bailey_8, nicolae_two_hexagons, minivault_11, uniq_joseph
D:9:      layout_roguey, hiddenorc2_lemuel, minmay_lindwurm_lava
D:10:     layout_rooms, gammafunk_ghost_hydra_chop, minmay_strange_pillars,
          eino_tiny_chamber, minmay_puff, uniq_gastronok
D:11:     layout_roguey, lair_entry_dummy
Lair:1:   layout_gridlike
Lair:2:   layout_cave_pods, palyth_hydra_swamp_entry, uniq_urug
Lair:3:   layout_loops_ring, guppyfry_snake_entry_garden,
          nzn_masters_of_martial_movement
Lair:4:   layout_regular_city
Lair:5:   hellmonk_lair_end_abyssal_woods, layout_misc_corridors, slime_entry_1,
          serial_bayou_shore_a, infiniplex_staircase_pool_2
Orc:1:    layout_diamond_mine, basic_altar
Orc:2:    st_orc_elflike, layout_caves

Skill      XL: |  1  2  3  4  5  6  7  8  9 10 11 12 13 14 |
---------------+-------------------------------------------+-----
Armour         | 2 3 4 6 7 8 9 10 | 10.4
Dodging        | 1 2 3 4 5 |  5.3
Short Blades   | 2 3 4 5 |  5.5
Invocations    | 3 5 6 7 9 10 12 13 14 16 | 16.0
Fighting       | 4 5 6 7 8 9 10 | 10.4
Throwing       | 1 2 4 5 6 7 8 |  8.0
Shields        | 1 3 |  3.6
Ranged Weapons | 3 6 7 |  7.1
Stealth        | 1 |  1.6
Long Blades    | 3 6 9 11 | 11.3

Action                   |  1- 3 |  4- 6 |  7- 9 | 10-12 | 13-15 || total
-------------------------+-------+-------+-------+-------+-------++-------
Melee: Short sword       |    99 |       |       |       |       ||    99
       Dagger            |    96 |   260 |   356 |   105 |       ||   817
       Headbutt          |       |    36 |    80 |    72 |   140 ||   328
       Punch             |       |     2 |     4 |       |       ||     6
       Great sword       |       |       |       |   183 |   497 ||   680
       Scimitar          |       |       |       |     1 |       ||     1
 Fire: Arbalest          |       |       |    16 |   255 |    22 ||   293
Throw: Boomerang         |       |     9 |   137 |    95 |   161 ||   402
Invok: Depart the Abyss  |     1 |       |       |       |       ||     1
       Banish            |       |       |     3 |     3 |       ||     6
  Use: Scroll            |     5 |     6 |     2 |    11 |     4 ||    28
       Potion            |       |     3 |     1 |     3 |     2 ||     9
 Stab: Invisible         |       |       |       |       |     4 ||     4
Armor: Leather armour    |    71 |       |       |       |       ||    71
       Chain mail        |    61 |   229 |   210 |       |       ||   500
       Skin              |       |    34 |       |       |       ||    34
       Scale mail        |       |       |    38 |   344 |   278 ||   660
       Plate armour      |       |       |       |       |   162 ||   162
Dodge: Dodged            |   125 |   121 |   149 |   325 |   428 ||  1148
Block: Buckler           |       |       |    19 |       |       ||    19
       Tower shield      |       |       |     4 |   109 |       ||   113
